 Dungeon Crawl Stone Soup version 0.30-a0-585-g93115170b9 (webtiles) character file.

Game seed: 7543365402866247149

138 bmack86 the Shield-Bearer (level 5, -4/47 HPs)
             Began as a Minotaur Fighter on Jan 3, 2023.
             Succumbed to a water moccasin's poison
             ... in a sewer.
             The game lasted 00:05:21 (1926 turns).

bmack86 the Shield-Bearer (Minotaur Fighter)        Turns: 1926, Time: 00:05:21

Health: -4/47      AC:  7    Str: 22    XL:     5   Next: 1%
Magic:  13/13      EV:  9    Int:  5    God:
Gold:   143        SH:  4    Dex: 10    Spells: 4/4 levels left

rFire   . . .      SeeInvis +    a - +1 war axe
rCold   . . .      Faith    .    c - +0 buckler
rNeg    . . .      Spirit   .    b - +0 scale mail
rPois   .          Reflect  .    (helmet restricted)
rElec   .          Harm     .    (no cloak)
rCorr   .          Rampage  .    (no gloves)
Will    .....                    (no boots) Stlth
                                 (no amulet)
HPRegen 0.27/turn                h - ring of see invisible
MPRegen 0.13/turn                k - ring of magical power

@: lethally poisoned (-4 -> -24)
A: horns 2, retaliatory headbutt
a: no special abilities


You were in a sewer.
You visited 1 branch of the dungeon, and saw 3 of its levels.
You also visited: Sewer.

You collected 143 gold pieces.

Inventory:

Hand Weapons
 a - a +1 war axe (weapon)
Armour
 b - a +0 scale mail (worn)
 c - a +0 buckler (worn)
Jewellery
 h - a ring of see invisible (left hand)
 k - a ring of magical power (right hand)
Scrolls
 g - a scroll of amnesia {unknown}
 l - a scroll of teleportation {unknown}
Potions
 d - a potion of might
 e - a potion of lignification {unknown}
 f - 2 potions of brilliance {unknown}
 i - a potion of flight {unknown}
 j - a potion of magic {unknown}


   Skills:
 + Level 4.3 Fighting
 * Level 4.4 Axes
 + Level 4.5 Armour
 + Level 4.5 Shields


You had 4 spell levels left.
You didn't know any spells.
Your spell library was empty.

Dungeon Overview and Level Annotations

Branches:
Dungeon (3/15)              Sewer (1/1)

Altars:


Innate Abilities, Weirdness & Mutations

You have a pair of horns on your head.
You reflexively headbutt those who attack you in melee.


Message History

Found 2 potions of berserk rage.
Found a gate leading back out of this place.
You block the bat's attack. You block the bat's attack.
You hit the bat.
You kill the bat!
You see here a bat corpse.
A water moccasin comes into view.
The water moccasin hisses angrily.
Found 37 gold pieces.
The water moccasin bites you.
You are poisoned.
The water moccasin poisons you!
You see here 2 potions of berserk rage.
You barely miss the water moccasin.
You feel very sick.
The water moccasin bites you but does no damage.
You barely miss the water moccasin.
You feel very sick. The water moccasin closely misses you.
The water moccasin bites you.
You are more poisoned.
The water moccasin poisons you!
You hit the water moccasin.
The water moccasin is lightly wounded.
You feel extremely sick. The water moccasin barely misses you.
The water moccasin bites you.
You hit the water moccasin.
The water moccasin is moderately wounded.
You feel very sick. You block the water moccasin's attack.
The water moccasin bites you but does no damage.
You slash the water moccasin!
The water moccasin is heavily wounded.
You feel very sick. The water moccasin bites you!
* * * LOW HITPOINT WARNING * * *
You are more poisoned.
The water moccasin poisons you! The water moccasin bites you.
* * * LOW HITPOINT WARNING * * *
Unknown command.
You die...

#..$$$..#
#.......#
#.......# .......
..... ... #S#
####### #!#
##.....## #@#
##...≈...#
#.#######...≈≈≈...
#..........≈≈≈≈≈.∩
#.#######...≈≈≈†..
#†# ##...≈...# #.#
##.....## #.#
####### #.# #.#


You could see a water moccasin.

Vanquished Creatures
  A river rat (D:3)
  4 adders
  5 dart slugs
  6 bats
  10 endoplasms
  4 giant cockroaches
  6 hobgoblins
  3 quokkas
  7 ball pythons
  11 frilled lizards
  6 goblins
  13 kobolds
  7 rats
83 creatures vanquished.

Vanquished Creatures (others)
  4 plants (D:3)
4 creatures vanquished.

Grand Total: 87 creatures vanquished

Notes
Turn   | Place    | Note
-------+----------+-------------------------------------------
     0 | D:1      | bmack86 the Minotaur Fighter began the quest for the Orb.
     0 | D:1      | Reached XP level 1. HP: 19/19 MP: 0/0
   140 | D:1      | Reached XP level 2. HP: 9/27 MP: 1/1
   220 | D:1      | Found a faded altar of an unknown god.
   432 | D:1      | Reached XP level 3. HP: 32/33 MP: 2/2
   921 | D:2      | Reached XP level 4. HP: 32/40 MP: 3/3
  1880 | D:3      | Found a glowing drain.
  1884 | Sewer    | Entered a sewer
  1891 | Sewer    | Reached XP level 5. HP: 45/47 MP: 4/4
  1918 | Sewer    | Noticed a water moccasin
  1925 | Sewer    | HP: 1/47 [water moccasin (5)]
  1926 | Sewer    | Succumbed to a water moccasin's poison

Illustrated notes

Levels and vault maps discovered:
D:1:      dpeg_arrival_line_fractal, layout_basic,
          hellmonk_ecumenical_altar_defaced_shrine, minmay_pentomino_u4
D:2:      layout_rooms
D:3:      layout_basic, ashenzari_conservatory_becter, gup_sewer_entry_bowl,
          lexackson_kobold_supper, uniq_natasha
Sewer:    sewer_big_baddie

Skill      XL: |  1  2  3  4 |
---------------+-------------+-----
Axes           | 3 4 |  4.4
Shields        | 4 |  4.5
Armour         | 4 |  4.5
Fighting       | 4 |  4.3

Action                   |  1- 3 |  4- 6 || total
-------------------------+-------+-------++-------
Melee: War axe           |    68 |    68 ||   136
       Headbutt          |     8 |     8 ||    16
  Use: Scroll            |     1 |     1 ||     2
Armor: Scale mail        |    46 |    42 ||    88
Dodge: Dodged            |    44 |    52 ||    96
Block: Buckler           |    21 |    19 ||    40

Table legend: (Time is in decaauts)
 A = Elapsed time spent in this place.
 B = Non-inter-level travel time spent in this place.
 C = Inter-level travel time spent in this place.
 D = Time resting spent in this place.
 E = Time spent auto-exploring this place.
 F = Levels seen in this place.
 G = Mean time per level.
                   A        B        C        D        E       F      G
               +--------+--------+--------+--------+--------+-----+--------+
         Total |   1976 |   1946 |     30 |      0 |   1118 |   4 |  494.0 |
       Dungeon |   1931 |   1901 |     30 |      0 |   1098 |   3 |  643.7 |
         Sewer |     44 |     44 |      0 |      0 |     20 |   1 |   44.0 |
               +--------+--------+--------+--------+--------+-----+--------+

Top non-repeatable levels by time:
     D:1: 821 daAuts
     D:3: 645 daAuts
     D:2: 464 daAuts
   Sewer: 44 daAuts
